[Event "ICC tourney 2833 (40 10)"]
[Site "Internet Chess Club"]
[Date "2022.02.26"]
[Round "1"]
[White "WILLY, STEPHEN:stephenwilly"]
[Black "JING, ANDREW:andrewj508"]
[Result "0-1"]
[ICCResult "White checkmated"]
[WhiteElo "1817"]
[BlackElo "1466"]
[Opening "Ponziani opening"]
[ECO "C44"]
[NIC "KP.05"]
[Time "11:00:17"]
[PlyCount "48"]
[TimeControl "2400+10"]

1. e4 e5 2. Nf3 Nc6 3. c3 d5 4. Qa4 dxe4 5. Nxe5 Qd5 6. Nxc6 bxc6 7. Bc4 Qd6
8. O-O Nf6 9. b3 Bd7 10. Re1 Be7 11. Ba3 c5 12. Bb5 c6 13. Bc4 O-O 14. d3
Ng4 15. g3 Qh6 16. h4 e3 17. fxe3 Bd6 18. Kg2 Nxe3+ 19. Kf2 Qf6+ 20. Ke2
Bg4+ 21. Kxe3 Rfe8+ 22. Kd2 Qf2+ 23. Re2 Rxe2+ 24. Kc1 Re1# {White
checkmated} 0-1

[Event "ICC tourney 2833 (40 10)"]
[Site "Internet Chess Club"]
[Date "2022.02.26"]
[Round "1"]
[White "Mishra, Abhinav:acm9000"]
[Black "ALLEN, SPENCER NATHANIEL:SpencerNA"]
[Result "0-1"]
[ICCResult "White resigns"]
[WhiteElo "1242"]
[BlackElo "1622"]
[Opening "Caro-Kann: exchange variation"]
[ECO "B13"]
[NIC "CK.02"]
[Time "11:00:25"]
[PlyCount "100"]
[TimeControl "2400+10"]

1. e4 c6 2. d4 d5 3. exd5 cxd5 4. Nf3 Nc6 5. Nc3 Nf6 6. Bg5 Bf5 7. Bb5 e6 8.
Ne5 Rc8 9. O-O Bd6 10. Bxc6+ bxc6 11. Re1 O-O 12. Qf3 Bxc2 13. Rac1 Bg6 14.
Ne2 c5 15. Rc3 cxd4 16. Nxd4 Rxc3 17. bxc3 Bxe5 18. Rxe5 Qb8 19. Re1 Ne4 20.
Nc6 Nxg5 21. Qe3 Qc7 22. Nxa7 Ne4 23. Nb5 Qc4 24. f3 Qxb5 25. fxe4 Bxe4 26.
Qd4 Rc8 27. Re3 Qc5 28. Qxc5 Rxc5 29. Kf2 f6 30. g3 Ra5 31. Re2 Ra3 32. c4
Bd3 33. Rxe6 Rxa2+ 34. Ke3 dxc4 35. Rc6 Kf7 36. h4 Re2+ 37. Kd4 Rg2 38. Rc7+
Kg6 39. h5+ Kh6 40. g4 Rxg4+ 41. Ke3 Kxh5 42. Rc5+ f5 43. Rc7 h6 44. Rf7 g5
45. Kf3 f4 46. Ra7 Rg3+ 47. Kf2 Kg4 48. Rh7 h5 49. Rc7 h4 50. Rh7 Bxh7
{White resigns}
0-1

[Event "ICC tourney 2833 (40 10)"]
[Site "Internet Chess Club"]
[Date "2022.02.26"]
[Round "1"]
[White "NATHA, NIRAV:K05-15969775"]
[Black "Manley, Nicholas:NickManley1987"]
[Result "1-0"]
[ICCResult "Black resigns"]
[WhiteElo "1602"]
[BlackElo "1167"]
[Opening "Ruy Lopez: closed, anti-Marshall 8.a4"]
[ECO "C88"]
[NIC "RL.18"]
[Time "11:00:24"]
[PlyCount "65"]
[TimeControl "2400+10"]

1. e4 e5 2. Nf3 Nc6 3. Bb5 a6 4. Ba4 Nf6 5. O-O Be7 6. Re1 b5 7. Bb3 O-O 8.
a4 Bb7 9. d3 d6 10. Nbd2 Na5 11. Ba2 c5 12. Nf1 Re8 13. Ng3 g6 14. Ng5 Rf8
15. f4 h6 16. Nf3 Nc6 17. f5 Kg7 18. fxg6 fxg6 19. h4 h5 20. Qd2 Ng4 21. Ng5
Bxg5 22. Qxg5 Qxg5 23. Bxg5 Rae8 24. Rf1 Nd4 25. c3 Nc6 26. Bd5 b4 27. cxb4
cxb4 28. Rac1 Rxf1+ 29. Kxf1 Rc8 30. Be6 Rf8+ 31. Kg1 Rf2 32. Bxg4 hxg4 33.
Kxf2 {Black resigns} 1-0

[Event "ICC tourney 2833 (40 10)"]
[Site "Internet Chess Club"]
[Date "2022.02.26"]
[Round "1"]
[White "SCHWETKE, DOUGLAS:Bilbo"]
[Black "Bharathy Mohan, Aarav Sai:aaravbm"]
[Result "1-0"]
[ICCResult "Black resigns"]
[WhiteElo "1495"]
[BlackElo "1004"]
[Opening "QGD Slav: 4.Nc3"]
[ECO "D15"]
[NIC "SL.03"]
[Time "11:01:29"]
[PlyCount "99"]
[TimeControl "2400+10"]

1. d4 d5 2. c4 c6 3. Nf3 Nf6 4. Nc3 Bf5 5. cxd5 Nxd5 6. Nxd5 cxd5 7. Qb3 Qd7
8. Bf4 Nc6 9. e3 e6 10. Be2 Bb4+ 11. Nd2 a6 12. Rd1 O-O 13. O-O Be7 14. Nf3
h6 15. Rc1 b5 16. Ne5 Nxe5 17. Bxe5 Bd6 18. Bxd6 Qxd6 19. Rc3 Rfc8 20. Rfc1
Qd7 21. g4 Bh7 22. Qa3 Rcb8 23. Rc7 Qd8 24. Qc5 g6 25. Qe7 Qxe7 26. Rxe7 Re8
27. Rxe8+ Rxe8 28. Rc7 Ra8 29. h4 b4 30. g5 hxg5 31. hxg5 a5 32. Kg2 Kf8 33.
Kg3 Bg8 34. Kf4 Kg7 35. Ke5 a4 36. Bg4 a3 37. b3 Kf8 38. Kf6 Rb8 39. Be2 Ra8
40. Ba6 Rb8 41. Rc8+ Rxc8 42. Bxc8 Bh7 43. Bd7 Bg8 44. f3 Bh7 45. e4 dxe4
46. fxe4 Bg8 47. d5 exd5 48. exd5 Bh7 49. d6 Bg8 50. Bc6 {Black resigns} 1-0

[Event "ICC tourney 2833 (40 10)"]
[Site "Internet Chess Club"]
[Date "2022.02.26"]
[Round "1"]
[White "JACKSON, MASSIMO MATEO:Yeetamus123"]
[Black "Nestler, Matthew:nessie"]
[Result "0-1"]
[ICCResult "White checkmated"]
[WhiteElo "1470"]
[BlackElo "1830"]
[Opening "Caro-Kann: exchange variation"]
[ECO "B13"]
[NIC "CK.02"]
[Time "11:00:16"]
[PlyCount "82"]
[TimeControl "2400+10"]

1. e4 c6 2. d4 d5 3. exd5 cxd5 4. Bd3 Nf6 5. c3 a6 6. Bf4 Bg4 7. Qb3 b5 8.
a4 bxa4 9. Qxa4+ Bd7 10. Qb3 a5 11. Nf3 e6 12. Ne5 Be7 13. Qb7 Na6 14. Bxa6
Rb8 15. Nc6 Rxb7 16. Nxd8 Rb6 17. Nxf7 Kxf7 18. Rxa5 Ra8 19. Bb5 Rxa5 20.
Bxd7 Nxd7 21. b4 Ra2 22. O-O Bd6 23. Be3 Rc6 24. Rc1 Nb6 25. Nd2 Nc4 26.
Nxc4 Rxc4 27. Bg5 Bxb4 28. cxb4 Rxc1+ 29. Bxc1 Ra1 30. h3 Rxc1+ 31. Kh2 Rb1
32. g4 Rxb4 33. f4 Rxd4 34. Kg3 Re4 35. Kh4 Rxf4 36. Kh5 d4 37. h4 d3 38.
Kg5 Ra4 39. Kh5 d2 40. Kg5 d1=Q 41. h5 Qxg4# {White checkmated} 0-1

[Event "ICC tourney 2833 (40 10)"]
[Site "Internet Chess Club"]
[Date "2022.02.26"]
[Round "1"]
[White "GUO, ELLA:SunnyCountry"]
[Black "DUDEK, CASIMIR:K06-30101045"]
[Result "1/2-1/2"]
[ICCResult "Game drawn by mutual agreement"]
[WhiteElo "1379"]
[BlackElo "1713"]
[Opening "Sicilian: dragon, classical, Richter variation"]
[ECO "B73"]
[NIC "SI.33"]
[Time "11:00:54"]
[PlyCount "41"]
[TimeControl "2400+10"]

1. e4 c5 2. Nf3 Nc6 3. d4 cxd4 4. Nxd4 g6 5. Nc3 Bg7 6. Be3 d6 7. Be2 Nf6 8.
O-O O-O 9. Qd2 Bd7 10. Kh1 Rc8 11. f3 a6 12. a4 Re8 13. f4 Qc7 14. Bf3 Na5
15. Be2 Nc4 16. Bxc4 Qxc4 17. Qd3 Qb4 18. Rfb1 Qc4 19. Re1 Qb4 20. Reb1 Qc4
21. Re1 {Game drawn by mutual agreement} 1/2-1/2

[Event "ICC tourney 2833 (40 10)"]
[Site "Internet Chess Club"]
[Date "2022.02.26"]
[Round "1"]
[White "Laido, Olivia:beibeiolivia"]
[Black "NEMMALI, PRATEEK R:Priccchess"]
[Result "1-0"]
[ICCResult "Black resigns"]
[WhiteElo "1464"]
[BlackElo "1816"]
[Opening "Philidor: Steinitz variation"]
[ECO "C41"]
[NIC "KP.10"]
[Time "11:00:47"]
[PlyCount "57"]
[TimeControl "2400+10"]

1. e4 e5 2. Nf3 d6 3. Bc4 Be7 4. c3 Nf6 5. d3 O-O 6. O-O c6 7. Bb3 h6 8. Re1
a5 9. Nbd2 Re8 10. Nf1 Nbd7 11. Ng3 Nf8 12. Be3 Ng6 13. h3 d5 14. Qd2 a4 15.
Bc2 c5 16. d4 cxd4 17. cxd4 exd4 18. Bxd4 dxe4 19. Nxe4 Be6 20. Rad1 Nd5 21.
Nc3 Ngf4 22. Be5 Bg5 23. Qd4 Qc8 24. Nxg5 hxg5 25. Nxd5 Nxd5 26. Rc1 Qd7 27.
Bxg7 Nf4 28. Qf6 Ng6 29. Bh6 {Black resigns} 1-0

[Event "ICC tourney 2833 (40 10)"]
[Site "Internet Chess Club"]
[Date "2022.02.26"]
[Round "1"]
[White "S.M, UMER:uncrackable"]
[Black "SHANKAR, AASHRITHA VIDHYA:aashushankar"]
[Result "1-0"]
[ICCResult "Black checkmated"]
[WhiteElo "1771"]
[BlackElo "1450"]
[Opening "Queen's bishop game"]
[ECO "D02"]
[NIC "QP.08"]
[Time "11:00:29"]
[PlyCount "59"]
[TimeControl "2400+10"]

1. d4 d5 2. Nf3 Nf6 3. Bf4 c5 4. e3 Nc6 5. Nbd2 e6 6. c3 c4 7. Ne5 Nxe5 8.
dxe5 Nd7 9. e4 Nb6 10. a4 a5 11. b3 cxb3 12. Qxb3 dxe4 13. Bb5+ Nd7 14. Nxe4
Be7 15. Rd1 Qc7 16. Bg3 O-O 17. Nf6+ gxf6 18. exf6 Qd8 19. fxe7 Qxe7 20. O-O
e5 21. Bxd7 Bxd7 22. Qxb7 Rfd8 23. Rd5 Qe8 24. Rxe5 Be6 25. Rg5+ Kf8 26. Be5
Rd7 27. Qf3 Bd5 28. Qf6 Be6 29. Rg8+ Kxg8 30. Qg7# {Black checkmated} 1-0

[Event "ICC tourney 2833 (40 10)"]
[Site "Internet Chess Club"]
[Date "2022.02.26"]
[Round "1"]
[White "HE, EDEN:edenhe"]
[Black "Vishwa, Susheel:sushivishwa"]
[Result "1-0"]
[ICCResult "Black checkmated"]
[WhiteElo "1457"]
[BlackElo "1776"]
[Opening "Giuoco Piano"]
[ECO "C54"]
[NIC "IG.02"]
[Time "11:00:27"]
[PlyCount "133"]
[TimeControl "2400+10"]

1. e4 e5 2. Nf3 Nc6 3. Bc4 Bc5 4. c3 Nf6 5. d4 exd4 6. cxd4 Bb4+ 7. Bd2
Bxd2+ 8. Nbxd2 d5 9. exd5 Nxd5 10. O-O O-O 11. Re1 Bf5 12. Nb3 b6 13. Ne5
Qd6 14. Qf3 Nce7 15. a3 Rad8 16. Rac1 Qf6 17. h3 Rd6 18. Re2 h6 19. Nd2 Rfd8
20. g4 Bc8 21. Qxf6 Rxf6 22. Ne4 Re6 23. Nc3 a6 24. Nxd5 Nxd5 25. Bxd5 Rxd5
26. Rxc7 Rd8 27. Rec2 Ree8 28. Nxf7 Rxd4 29. Nxh6+ gxh6 30. Rxc8 Kf7 31.
R2c7+ Re7 32. Rxe7+ Kxe7 33. Rc6 Rd3 34. Rxh6 Rb3 35. Kg2 Rxb2 36. g5 a5 37.
h4 b5 38. Ra6 a4 39. Ra7+ Kf8 40. h5 Rb3 41. Rb7 b4 42. axb4 a3 43. Ra7 Rxb4
44. Rxa3 Rh4 45. h6 Kf7 46. Kg3 Rh1 47. Kf4 Rb1 48. Ra5 Rb2 49. f3 Rb3 50.
Ra7+ Kg6 51. Rg7+ Kh5 52. h7 Rb4+ 53. Kg3 Rb8 54. Kh3 Rf8 55. f4 Rg8 56. Rg6
Kxg6 57. hxg8=Q+ Kf5 58. Qf7+ Ke4 59. Kg3 Kd4 60. Kf3 Kc5 61. Ke4 Kd6 62.
Kd4 Kc6 63. Qe7 Kb5 64. Qc5+ Ka4 65. Qb6 Ka3 66. Kc3 Ka2 67. Qb2#
{Black checkmated}
1-0

[Event "ICC tourney 2833 (40 10)"]
[Site "Internet Chess Club"]
[Date "2022.02.26"]
[Round "1"]
[White "HOSSAIN, AZHER:Azher2009"]
[Black "INDUKURI, SUHAS:K01-16887781"]
[Result "1/2-1/2"]
[ICCResult "Game drawn by mutual agreement"]
[WhiteElo "1799"]
[BlackElo "1458"]
[Opening "English: Neo-Catalan"]
[ECO "A13"]
[NIC "RE.11"]
[Time "11:00:29"]
[PlyCount "89"]
[TimeControl "2400+10"]

1. Nf3 d5 2. c4 Nf6 3. g3 e6 4. Bg2 c5 5. cxd5 exd5 6. d4 Be7 7. O-O O-O 8.
Nc3 Be6 9. dxc5 Bxc5 10. a3 Nc6 11. b4 Bb6 12. Bg5 d4 13. Ne4 Bf5 14. Nxf6+
gxf6 15. Bh6 Re8 16. Qd2 Bg6 17. Rfe1 Qd7 18. Qf4 Qe7 19. Nh4 Ne5 20. Nf5
Bxf5 21. Qxf5 Ng6 22. h4 Bc7 23. h5 Ne5 24. Be4 Ng6 25. hxg6 hxg6 26. Qf3
Qxe4 27. Qxf6 Be5 28. Qf3 Qxf3 29. exf3 Bg7 30. Bxg7 Kxg7 31. Rxe8 Rxe8 32.
Rd1 Rd8 33. Kf1 d3 34. Ke1 Re8+ 35. Kf1 Rd8 36. f4 Kf6 37. f3 Rc8 38. Rxd3
Rc2 39. Re3 Ra2 40. g4 b6 41. Ke1 Kg7 42. Kd1 Kg8 43. Kc1 Kg7 44. Kb1 Rf2
45. Kc1 {Game drawn by mutual agreement} 1/2-1/2

[Event "ICC tourney 2833 (40 10)"]
[Site "Internet Chess Club"]
[Date "2022.02.26"]
[Round "1"]
[White "WU, NATHAN:nwazus"]
[Black "SARAFUDINOV, ANDREY:whyyoutrysohard"]
[Result "0-1"]
[ICCResult "White checkmated"]
[WhiteElo "1152"]
[BlackElo "1535"]
[Opening "Sicilian"]
[ECO "B50"]
[NIC "SI.01"]
[Time "11:00:21"]
[PlyCount "114"]
[TimeControl "2400+10"]

1. e4 c5 2. Nf3 d6 3. c3 Nf6 4. Bd3 Nc6 5. Bc2 e5 6. h3 d5 7. exd5 Qxd5 8.
Bb3 Qe4+ 9. Qe2 Qxe2+ 10. Kxe2 Be7 11. Re1 O-O 12. Kf1 Bd6 13. d3 Bf5 14.
Rd1 Rad8 15. d4 cxd4 16. cxd4 exd4 17. Nxd4 Nxd4 18. Rxd4 Be5 19. Rxd8 Rxd8
20. Na3 Ne4 21. Nc4 Bf6 22. f3 Nc5 23. Ne3 Nxb3 24. axb3 Bd3+ 25. Kg1 a6 26.
Ra4 Rc8 27. Ra1 Bd4 28. Kh1 Kf8 29. Nd5 Rc2 30. Nb4 Rf2 31. Nxd3 Rf1+ 32.
Kh2 Rd1 33. Nb4 Be3 34. Na2 f5 35. Kg3 f4+ 36. Kg4 g6 37. g3 Rg1 38. Kh4
fxg3 39. Nc3 Bxc1 40. Ne2 Bg5+ 41. Kxg5 Rxa1 42. Nxg3 Rg1 43. Kh4 Rb1 44.
Kg5 Rxb2 45. f4 Rxb3 46. Kg4 Rxg3+ 47. Kxg3 Kf7 48. h4 Kf6 49. Kg4 b5 50. h5
gxh5+ 51. Kxh5 a5 52. Kh6 a4 53. Kxh7 a3 54. Kh8 a2 55. Kh7 a1=Q 56. Kh8 Qg1
57. f5 Qg7# {White checkmated} 0-1

[Event "ICC tourney 2833 (40 10)"]
[Site "Internet Chess Club"]
[Date "2022.02.26"]
[Round "1"]
[White "BRUDNO, STEPHEN:StevChess01"]
[Black "OPASKA, MICHAEL:mopaska1106"]
[Result "0-1"]
[ICCResult "White resigns"]
[WhiteElo "1449"]
[BlackElo "1759"]
[Opening "Dutch"]
[ECO "A80"]
[NIC "HD.12"]
[Time "11:00:57"]
[PlyCount "66"]
[TimeControl "2400+10"]

1. d4 f5 2. Nf3 Nf6 3. c4 g6 4. Nc3 Bg7 5. e3 O-O 6. Bd3 d6 7. b3 Nc6 8. Bb2
e5 9. Be2 e4 10. Ng5 h6 11. Nh3 g5 12. Qd2 Bd7 13. O-O-O a5 14. a3 Ne7 15.
Ng1 c6 16. f3 d5 17. cxd5 cxd5 18. Kb1 Qb6 19. Ka2 Nc6 20. Na4 Nb4+ 21. axb4
axb4 22. Kb1 Bxa4 23. bxa4 Rxa4 24. Rc1 Rfa8 25. Qc2 Qa5 26. Qb3 b6 27. Rc6
Ra1+ 28. Bxa1 Qxa1+ 29. Kc2 Ra2+ 30. Qxa2 Qxa2+ 31. Kd1 b3 32. Rxb6 Qa1+ 33.
Kd2 Qa5+ {White resigns} 0-1

[Event "ICC tourney 2833 (40 10)"]
[Site "Internet Chess Club"]
[Date "2022.02.26"]
[Round "1"]
[White "BUENAVISTA, PROSPERO SILOS:perryb"]
[Black "Ledas, Armandas:ArmandasLedas"]
[Result "0-1"]
[ICCResult "White forfeits on time"]
[WhiteElo "1675"]
[BlackElo "1361"]
[Opening "Queen's pawn, Mason variation"]
[ECO "D00"]
[NIC "QP.08"]
[Time "11:00:29"]
[PlyCount "122"]
[TimeControl "2400+10"]

1. d4 d5 2. Bf4 Bf5 3. Nf3 Nf6 4. e3 c5 5. c3 Nc6 6. Nbd2 e6 7. Qa4 a6 8.
Ne5 Rc8 9. Be2 Bd6 10. O-O O-O 11. h3 Bxe5 12. dxe5 Nd7 13. Nf3 Be4 14. Nd2
Bg6 15. Nf3 Bh5 16. g4 Bg6 17. Bg3 Qc7 18. Qf4 Be4 19. Ng5 Qxe5 20. Nxe4
Qxf4 21. Bxf4 dxe4 22. Rfd1 Rfd8 23. Bd6 Nce5 24. Kg2 Nd3 25. Bxd3 exd3 26.
Rxd3 Ne5 27. Rdd1 Nc4 28. Bxc5 Nxb2 29. Rxd8+ Rxd8 30. Bd4 b5 31. Rb1 Nc4
32. f4 f6 33. Rf1 e5 34. fxe5 fxe5 35. Bc5 Rd2+ 36. Kg3 g6 37. a3 Rd3 38.
Rf8+ Kg7 39. Rf3 Rxc3 40. Kh4 Nxa3 41. Bf8+ Kg8 42. Bb4 Rc8 43. Bxa3 Rb8 44.
Bd6 Rb7 45. Bxe5 b4 46. Rf6 a5 47. Ra6 Rb5 48. Bb2 Kf7 49. Kg3 Ke7 50. e4 h5
51. e5 hxg4 52. hxg4 Rd5 53. Kf4 Rd2 54. Bc1 Rd1 55. Be3 b3 56. Bc5+ Ke8 57.
e6 b2 58. e7 Re1 59. Ra8+ Kd7 60. Rd8+ Kc6 61. Rc8+ Kb7 {White forfeits on
time} 0-1

[Event "ICC tourney 2833 (40 10)"]
[Site "Internet Chess Club"]
[Date "2022.02.26"]
[Round "1"]
[White "RAMESH, RAHUL:rockinroll"]
[Black "QI, JENNY:eevee11"]
[Result "1/2-1/2"]
[ICCResult "Game drawn by repetition"]
[WhiteElo "1725"]
[BlackElo "1402"]
[Opening "King's Indian: Torre attack"]
[ECO "A48"]
[NIC "QP.02"]
[Time "11:00:17"]
[PlyCount "78"]
[TimeControl "2400+10"]

1. d4 Nf6 2. Nf3 g6 3. Bg5 d5 4. Nbd2 Bg7 5. e3 O-O 6. Bd3 c5 7. c3 Qb6 8.
Rb1 Nc6 9. O-O c4 10. Bc2 Re8 11. e4 dxe4 12. Nxc4 Qa6 13. Nfd2 Be6 14. Ne3
Nd5 15. Nxe4 Nxe3 16. fxe3 Bc4 17. Rf2 Bd5 18. Nc5 Qxa2 19. e4 Bc4 20. b3
Qa5 21. bxc4 Qxc3 22. Qf3 Qxf3 23. gxf3 Bxd4 24. Nxb7 Bxf2+ 25. Kxf2 f6 26.
Be3 Rab8 27. Ba4 Rec8 28. Bxc6 Rxc6 29. Bxa7 Ra8 30. Na5 Ra6 31. Bb6 Rb8 32.
c5 Rxa5 33. Rd1 Ra2+ 34. Kg3 Rc8 35. Rd7 e6 36. Rd6 Kf7 37. Rd7+ Kg8 38. Rd6
Kf7 39. Rd7+ Kg8 {Game drawn by repetition} 1/2-1/2

[Event "ICC tourney 2833 (40 10)"]
[Site "Internet Chess Club"]
[Date "2022.02.26"]
[Round "2"]
[White "Manley, Nicholas:NickManley1987"]
[Black "BUENAVISTA, PROSPERO SILOS:perryb"]
[Result "0-1"]
[ICCResult "White resigns"]
[WhiteElo "1167"]
[BlackElo "1675"]
[Opening "Caro-Kann: Tartakower (Nimzovich) variation"]
[ECO "B15"]
[NIC "CK.06"]
[Time "13:16:08"]
[PlyCount "32"]
[TimeControl "2400+10"]

1. e4 c6 2. d4 d5 3. Nc3 dxe4 4. Nxe4 Nf6 5. Nxf6+ exf6 6. Nf3 Bg4 7. Be2
Bd6 8. c3 O-O 9. O-O Nd7 10. Re1 Re8 11. Be3 Nf8 12. Qd2 Qc7 13. h3 Bxf3 14.
Bxf3 f5 15. d5 f4 16. Bd4 c5 {White resigns} 0-1

[Event "ICC tourney 2833 (40 10)"]
[Site "Internet Chess Club"]
[Date "2022.02.26"]
[Round "2"]
[White "Vishwa, Susheel:sushivishwa"]
[Black "Mishra, Abhinav:acm9000"]
[Result "1-0"]
[ICCResult "Black resigns"]
[WhiteElo "1776"]
[BlackElo "1242"]
[Opening "Giuoco Piano"]
[ECO "C54"]
[NIC "IG.02"]
[Time "13:16:06"]
[PlyCount "37"]
[TimeControl "2400+10"]

1. e4 e5 2. Nf3 Nc6 3. Bc4 Bc5 4. c3 Nf6 5. d4 exd4 6. e5 Qe7 7. O-O Ng8 8.
cxd4 Bb6 9. Nc3 d6 10. Re1 Kf8 11. Bg5 Qd7 12. e6 fxe6 13. Bxe6 Qe8 14. Bxg8
Qd7 15. Be6 Qe8 16. Bb3 Qg6 17. Qd2 Bf5 18. Nh4 Qf7 19. Bxf7 {Black resigns}
1-0

[Event "ICC tourney 2833 (40 10)"]
[Site "Internet Chess Club"]
[Date "2022.02.26"]
[Round "2"]
[White "GHOSH, YOHAN:luckylion"]
[Black "HOSSAIN, AZHER:Azher2009"]
[Result "0-1"]
[ICCResult "White checkmated"]
[WhiteElo "995"]
[BlackElo "1799"]
[Opening "Caro-Kann: exchange variation"]
[ECO "B13"]
[NIC "CK.02"]
[Time "13:16:06"]
[PlyCount "56"]
[TimeControl "2400+10"]

1. e4 c6 2. d4 d5 3. exd5 cxd5 4. Bd3 Nc6 5. c3 Nf6 6. h3 g6 7. Nf3 Bf5 8.
Bxf5 gxf5 9. Bf4 e6 10. Nbd2 Bd6 11. Be5 Bxe5 12. Nxe5 Nxe5 13. dxe5 Nd7 14.
f4 Qh4+ 15. Ke2 Qxf4 16. Nf3 Nxe5 17. Nxe5 Qxe5+ 18. Kf2 Qf4+ 19. Ke2 Rg8
20. Rg1 Rg3 21. Qc1 Qe4+ 22. Kf2 Qh4 23. Ke2 Ke7 24. Qf1 Qe4+ 25. Kd2 Rag8
26. Qe1 Rxg2+ 27. Rxg2 Rxg2+ 28. Kd1 Qc2# {White checkmated} 0-1

[Event "ICC tourney 2833 (40 10)"]
[Site "Internet Chess Club"]
[Date "2022.02.26"]
[Round "2"]
[White "ALLEN, SPENCER NATHANIEL:SpencerNA"]
[Black "HE, EDEN:edenhe"]
[Result "0-1"]
[ICCResult "White resigns"]
[WhiteElo "1622"]
[BlackElo "1457"]
[Opening "French: Rubinstein variation"]
[ECO "C03"]
[NIC "FR.07"]
[Time "13:16:04"]
[PlyCount "86"]
[TimeControl "2400+10"]

1. e4 e6 2. d4 d5 3. Nd2 dxe4 4. Nxe4 Nd7 5. Nf3 Ngf6 6. Bg5 Be7 7. Nxf6+
Nxf6 8. Bd3 O-O 9. O-O h6 10. Bh4 b6 11. c3 Bb7 12. Ne5 Rc8 13. Qa4 a5 14.
Rad1 Qe8 15. Qb3 Bd5 16. Bc4 Bxc4 17. Qxc4 c5 18. Qa6 cxd4 19. Rxd4 Bc5 20.
Rd3 Nd5 21. Qb7 Rc7 22. Qa6 Qa4 23. Bg3 Bd6 24. a3 Bxe5 25. Bxe5 Rd7 26. c4
Nb4 27. axb4 Rxd3 28. Bc3 Rd1 29. Qxb6 Qa1 30. h3 Rxf1+ 31. Kh2 Rh1+ 32. Kg3
axb4 33. Qxb4 Rd8 34. Qe7 Rd3+ 35. Kh4 g5+ 36. Kh5 Rhxh3+ 37. gxh3 Rxh3+ 38.
Kg4 Rh4+ 39. Kf3 Qd1+ 40. Ke3 Rh3+ 41. Ke4 Qd3+ 42. Ke5 Rf3 43. Qd8+ Qxd8
{White resigns}
0-1

[Event "ICC tourney 2833 (40 10)"]
[Site "Internet Chess Club"]
[Date "2022.02.26"]
[Round "2"]
[White "Nestler, Matthew:nessie"]
[Black "SCHWETKE, DOUGLAS:Bilbo"]
[Result "1-0"]
[ICCResult "Black resigns"]
[WhiteElo "1830"]
[BlackElo "1495"]
[Opening "Queen's pawn: London system"]
[ECO "A45"]
[NIC "QP.07"]
[Time "13:16:05"]
[PlyCount "35"]
[TimeControl "2400+10"]

1. d4 Nf6 2. Bf4 g6 3. Nc3 d5 4. Qd2 Bg7 5. Bh6 O-O 6. Bxg7 Kxg7 7. f3 Bf5
8. g4 Be6 9. h4 h6 10. g5 hxg5 11. hxg5 Nh5 12. O-O-O Ng3 13. Rh4 Rh8 14.
Qf4 Rxh4 15. Qxh4 Nf5 16. Qh2 Ne3 17. Qe5+ f6 18. Qxe3 {Black resigns} 1-0

[Event "ICC tourney 2833 (40 10)"]
[Site "Internet Chess Club"]
[Date "2022.02.26"]
[Round "2"]
[White "Bharathy Mohan, Aarav Sai:aaravbm"]
[Black "JACKSON, MASSIMO MATEO:Yeetamus123"]
[Result "0-1"]
[ICCResult "White checkmated"]
[WhiteElo "1004"]
[BlackElo "1470"]
[Opening "Sicilian: closed, 2...Nc6"]
[ECO "B23"]
[NIC "SI.44"]
[Time "13:16:07"]
[PlyCount "108"]
[TimeControl "2400+10"]

1. e4 c5 2. Nc3 Nc6 3. Nf3 g6 4. Bc4 Bg7 5. O-O Nf6 6. d3 O-O 7. h3 d6 8.
Bd2 e6 9. a3 d5 10. exd5 exd5 11. Ba2 d4 12. Ne2 b6 13. Re1 Bb7 14. Ng3 Nd5
15. Bg5 Qd7 16. Qe2 Rfe8 17. Qd1 Rxe1+ 18. Qxe1 Re8 19. Qf1 Ne5 20. Nxe5
Bxe5 21. Ne4 Qf5 22. Re1 Nf4 23. Bxf4 Qxf4 24. Ng3 h5 25. Qe2 Qg5 26. Ne4
Qf4 27. Ng3 h4 28. Nf1 Qg5 29. Qg4 Qxg4 30. hxg4 Bh2+ 31. Kxh2 Rxe1 32. Nd2
Re2 33. Ne4 Bxe4 34. dxe4 Rxe4 35. f3 Re2 36. Bb1 Rd2 37. a4 c4 38. b3 d3
39. cxd3 c3 40. d4 c2 41. Bxc2 Rxc2 42. d5 Rd2 43. Kg1 Rxd5 44. Kf2 Rd2+ 45.
Ke3 Rxg2 46. Kd4 h3 47. Kd5 h2 48. Kc6 h1=Q 49. Kb7 Qc1 50. Kxa7 Rd2 51.
Kxb6 Rd6+ 52. Kb7 Qc6+ 53. Ka7 Qc7+ 54. Ka8 Rd8# {White checkmated} 0-1

[Event "ICC tourney 2833 (40 10)"]
[Site "Internet Chess Club"]
[Date "2022.02.26"]
[Round "2"]
[White "Ledas, Armandas:ArmandasLedas"]
[Black "NATHA, NIRAV:K05-15969775"]
[Result "0-1"]
[ICCResult "White checkmated"]
[WhiteElo "1361"]
[BlackElo "1602"]
[Opening "Pirc: classical (two knights) system"]
[ECO "B08"]
[NIC "PU.10"]
[Time "13:16:04"]
[PlyCount "110"]
[TimeControl "2400+10"]

1. e4 d6 2. d4 Nf6 3. Nc3 g6 4. Nf3 Bg7 5. Bc4 O-O 6. O-O Nxe4 7. Nxe4 d5 8.
Bxd5 Qxd5 9. Nc3 Qc4 10. h3 Nc6 11. Be3 Rd8 12. d5 Bxc3 13. bxc3 Qxd5 14.
Qe2 Bf5 15. Nd4 Nxd4 16. cxd4 c6 17. Rad1 Qxa2 18. Bh6 Qe6 19. Qd2 f6 20.
Rfe1 Qf7 21. Re3 e5 22. Qe2 g5 23. h4 Qg6 24. hxg5 fxg5 25. Rxe5 Re8 26. Re1
Rxe5 27. Qxe5 Qxh6 28. Qxf5 Rf8 29. Qd7 Qf6 30. Re7 Qxf2+ 31. Kh2 Rf7 32.
Qxb7 Qh4+ 33. Kg1 Qxd4+ 34. Kh2 Qd6+ 35. Kg1 Rxe7 36. Qc8+ Kg7 37. Qf5 Re1+
38. Kf2 Qd2+ 39. Kg3 Qf4+ 40. Qxf4 gxf4+ 41. Kxf4 Re2 42. g4 Rxc2 43. g5 a5
44. g6 hxg6 45. Ke3 a4 46. Kd3 Rb2 47. Kc3 Rb5 48. Kc4 a3 49. Kd4 a2 50. Ke3
a1=Q 51. Kf3 Qd4 52. Ke2 Rb3 53. Ke1 Qa1+ 54. Kd2 Qa2+ 55. Kc1 Rb1#
{White checkmated}
0-1

[Event "ICC tourney 2833 (40 10)"]
[Site "Internet Chess Club"]
[Date "2022.02.26"]
[Round "2"]
[White "INDUKURI, SUHAS:K01-16887781"]
[Black "RAMESH, RAHUL:rockinroll"]
[Result "0-1"]
[ICCResult "White checkmated"]
[WhiteElo "1458"]
[BlackElo "1725"]
[Opening "French: Rubinstein variation"]
[ECO "C03"]
[NIC "FR.07"]
[Time "13:16:16"]
[PlyCount "58"]
[TimeControl "2400+10"]

1. e4 e6 2. d4 d5 3. Nd2 dxe4 4. Nxe4 Nd7 5. c3 Ngf6 6. Bd3 Be7 7. Nf3 O-O
8. O-O b6 9. Re1 Bb7 10. Qc2 h6 11. Nxf6+ Nxf6 12. Ne5 c5 13. Be3 Nd5 14.
Qd2 Nxe3 15. fxe3 Bg5 16. Qf2 Bh4 17. g3 Bf6 18. Ng4 Be7 19. Rad1 Qc7 20.
Qf4 Bd6 21. Qf2 Qc6 22. e4 f5 23. d5 exd5 24. exf5 c4 25. Bc2 Bc5 26. Ne3 d4
27. Nd5 d3 28. Re3 Qxd5 29. Bxd3 Qh1# {White checkmated} 0-1

[Event "ICC tourney 2833 (40 10)"]
[Site "Internet Chess Club"]
[Date "2022.02.26"]
[Round "2"]
[White "BRUDNO, STEPHEN:StevChess01"]
[Black "WILLY, STEPHEN:stephenwilly"]
[Result "0-1"]
[ICCResult "White resigns"]
[WhiteElo "1449"]
[BlackElo "1817"]
[Opening "QGD: exchange, positional line"]
[ECO "D35"]
[NIC "QO.16"]
[Time "13:16:05"]
[PlyCount "84"]
[TimeControl "2400+10"]

1. d4 d5 2. c4 e6 3. Nc3 Nf6 4. cxd5 exd5 5. Bg5 Be7 6. e3 O-O 7. Bd3 h6 8.
Bh4 b6 9. Nf3 Bb7 10. O-O Nbd7 11. Rc1 c5 12. dxc5 Nxc5 13. Be2 Rc8 14. Nd4
Nfe4 15. Bxe7 Qxe7 16. Nf5 Qf6 17. Nd4 Rfe8 18. Ncb5 a6 19. Nc3 Nxc3 20.
Rxc3 Ne4 21. Rxc8 Rxc8 22. Bf3 a5 23. Bxe4 dxe4 24. Qd2 Qd6 25. Rc1 Rc5 26.
Rxc5 Qxc5 27. h3 g6 28. a3 Qc4 29. Qc2 Ba6 30. Qxc4 Bxc4 31. Kh2 Kf8 32. g4
Ke7 33. Kg3 Kd6 34. Kf4 Kd5 35. h4 Bd3 36. h5 a4 37. hxg6 fxg6 38. g5 h5 39.
f3 exf3 40. Nxf3 b5 41. Ne5 Bf5 42. Kf3 Kxe5 {White resigns} 0-1